 Dungeon Crawl Stone Soup version 0.31-a0-303-gdc8c9485ea (webtiles) character file.

Game seed: 9746224774390305276

68 Zonian the Sneak (level 4, 0/23 HPs)
             Began as a Spriggan Brigand on July 16, 2023.
             Succumbed to an adder's poison
             ... on level 2 of the Dungeon.
             The game lasted 00:03:30 (1068 turns).

Zonian the Sneak (Spriggan Brigand)                 Turns: 1068, Time: 00:03:31

Health: 0/23       AC:  3    Str:  6 (7)  XL:     4   Next: 1%
Magic:  5/5        EV: 17    Int:  9 (12) God:
Gold:   72         SH:  0    Dex: 15 (18) Spells: 3/3 levels left

rFire   . . .        a - +2 dagger
rCold   . . .        (no shield)
rNeg    . . .        b - +0 robe
rPois   .            (helmet restricted)
rElec   .            c - +0 cloak
rCorr   .            (gloves unavailable)
SInv    +            (boots unavailable)
Will    .....        (no amulet)
Stlth   +++          (no ring)
HPRegen 0.23/turn    (no ring)
MPRegen 0.09/turn

%: no passive effects
@: lethally poisoned (0 -> -4), very quick
A: very small, no large weapons, unfitting armour, see invisible, speed 3
a: no special abilities


You were on level 2 of the Dungeon.
You visited 1 branch of the dungeon, and saw 2 of its levels.

You collected 72 gold pieces.

Inventory:

Hand Weapons
 a - a +2 dagger (weapon)
 e - a +0 sling
Missiles
 d - 9 poisoned darts (quivered)
 n - 2 curare-tipped darts
Armour
 b - a +0 robe (worn)
 c - a +0 cloak (worn)
 p - a scarf of harm
Talismans
 h - a beast talisman
Wands
 o - a wand of polymorph (4)
Scrolls
 f - a scroll of blinking {unknown}
 i - a scroll of identify {unknown}
 k - a scroll of vulnerability {unknown}
 l - a scroll of butterflies {unknown}
 m - a scroll of torment {unknown}
Potions
 j - a potion of berserk rage {unknown}


   Skills:
 + Level 2.1 Fighting
 + Level 2.9 Short Blades
 + Level 2.5 Throwing
 + Level 2.5 Dodging
 + Level 6.4 Stealth


You had 3 spell levels left.
You didn't know any spells.
Your spell library was empty.

Dungeon Overview and Level Annotations

Branches:
Dungeon (2/15)

Altars:


Innate Abilities, Weirdness & Mutations

You are very small and have problems with some larger weapons.
You are too small for most types of armour.
You have supernaturally acute eyesight. (SInv)
You cover ground extremely quickly. (Speed+++)


Message History

You hit the worm but do no damage. The worm bites you.
You hit the worm.
The worm is lightly wounded.
The adder closely misses you. The worm bites you!
You are too injured to fight recklessly!
You are too injured to fight recklessly!
You closely miss the adder. The adder closely misses you.
You hit the adder.
The adder is heavily wounded.
The adder bites you. The worm misses you.
Unknown command.
You completely miss the adder.
The adder is heavily wounded.
The adder bites you.
You are poisoned.
The adder poisons you!
You hit the adder.
The adder is severely wounded.
You feel sick. The adder bites you.
* * * LOW HITPOINT WARNING * * *
Unknown command.
You hit the adder.
The adder is almost dead.
You feel sick. The adder misses you.
Unknown command.
You barely miss the adder.
The adder is almost dead.
You feel sick. The adder barely misses you.
Unknown command.
You barely miss the adder.
The adder is almost dead.
You feel sick. The adder bites you.
* * * LOW HITPOINT WARNING * * *
You are more poisoned.
The adder poisons you!
Unknown command.
It was a potion of degeneration.
There was something very wrong with that liquid.
You feel weakened.
You feel dopey.
You feel clumsy.
You die...

### .... ♣....
......##########
.>.♣..........#
...............#
♣........w.....#
#...#....S@....### ..#
#####........# ###..#
#..........# ##....#
##.##.......#
...#..######..##.......#
.......................####
..#..# ###.#.............
.##..# #.#.#...........
.....# #...#...........


You could see a worm and an adder.

Vanquished Creatures
  Robin (D:2)
  A gnoll (D:1)
  An adder (D:2)
  4 endoplasms
  3 giant cockroaches
  12 goblins
  6 hobgoblins
  A quokka (D:1)
  A ball python (D:2)
  A bat (D:2)
  A kobold (D:1)
  3 rats (D:1)
35 creatures vanquished.

Notes
Turn   | Place    | Note
-------+----------+-------------------------------------------
     0 | D:1      | Zonian the Spriggan Brigand began the quest for the Orb.
     0 | D:1      | Reached XP level 1. HP: 10/10 MP: 2/2
   127 | D:1      | Reached skill level 6 in Stealth
   127 | D:1      | Reached XP level 2. HP: 10/15 MP: 3/3
   675 | D:2      | Reached XP level 3. HP: 18/18 MP: 4/4
   699 | D:2      | Noticed Robin
   842 | D:2      | Killed Robin
   977 | D:2      | Reached XP level 4. HP: 23/23 MP: 5/5
  1067 | D:2      | HP: 1/23 [adder (3)]
  1068 | D:2      | Succumbed to an adder's poison

Illustrated notes

Levels and vault maps discovered:
D:1:      saegor_arrival_miasma, layout_rooms, minmay_hedge_maze,
          minmay_pentomino_w2
D:2:      layout_rooms, nrook_mini_backslash, grunt_ministairs_1, uniq_robin

Skill      XL: |  1  2  3 |
---------------+----------+-----
Stealth        | 6 |  6.4
Dodging        | 2 |  2.5
Fighting       | 2 |  2.1
Short Blades   | |  2.9
Throwing       | |  2.5

Action                     |  1- 3 |  4- 6 || total
---------------------------+-------+-------++-------
  Melee: Dagger            |   118 |    10 ||   128
         Punch             |     1 |       ||     1
  Throw: Dart              |    11 |       ||    11
Ability: Begin Untransform |     1 |       ||     1
    Use: Potion            |       |     1 ||     1
   Stab: Sleeping          |     2 |       ||     2
 Armour: Robe              |     8 |       ||     8
         Skin              |    24 |       ||    24
  Dodge: Dodged            |    59 |     5 ||    64
   Form: Beast             |     1 |       ||     1

Table legend: (Time is in decaauts)
 A = Elapsed time spent in this place.
 B = Non-inter-level travel time spent in this place.
 C = Inter-level travel time spent in this place.
 D = Time resting spent in this place.
 E = Time spent auto-exploring this place.
 F = Levels seen in this place.
 G = Mean time per level.
                   A        B        C        D        E       F      G
               +--------+--------+--------+--------+--------+-----+--------+
         Total |    811 |    800 |     11 |    241 |    307 |   2 |  405.5 |
       Dungeon |    811 |    800 |     11 |    241 |    307 |   2 |  405.5 |
               +--------+--------+--------+--------+--------+-----+--------+

Top non-repeatable levels by time:
     D:1: 463 daAuts
     D:2: 348 daAuts
